 Dungeon Crawl Stone Soup version 0.19.1 (webtiles) character file.

1397 Host24 the Grave Robber (level 9, -2/48 HPs)
             Began as a Kobold Necromancer on Dec 23, 2016.
             Was a Follower of Hepliaklqana.
             Killed from afar by an efreet (15 damage)
             ... with a bolt of fire
             ... on level 7 of the Dungeon.
             The game lasted 00:40:49 (9167 turns).

Host24 the Grave Robber (Kobold Necromancer)        Turns: 9167, Time: 00:40:49

Health: -2/48      AC:  6    Str: 10    XL:     9   Next: 0%
Magic:  13/18      EV: 18    Int: 21    God:    Hepliaklqana [*.....]
Gold:   268        SH:  0    Dex: 16    Spells: 4 memorised, 13 levels left

rFire  . . .     SeeInvis .     m - +1 blowgun
rCold  . . .     Gourm    .     Q - +2 robe {MR+}
rNeg   . . .     Faith    .     (shield restricted)
rPois  .         Spirit   .     N - +0 helmet
rElec  .         Reflect  .     (no cloak)
rCorr  .         Harm     .     B - +0 pair of gloves
MR     +....                    (no boots)
Stlth  +++.......               (no amulet)
                                i - +2 ring of intelligence
                                T - +5 ring of strength

@: no status effects
A: reduced essence, carnivore 3
a: Recall Ancestor, Ancestor Identity, Renounce Religion


You were on level 7 of the Dungeon.
You worshipped Hepliaklqana.
Hepliaklqana was aware of your devotion.
You were very full.

You visited 2 branches of the dungeon, and saw 8 of its levels.

You collected 268 gold pieces.

Inventory:

Hand Weapons
 j - a +0 hunting sling
 m - a +1 blowgun (weapon)
 t - a +1 dagger of flaming
 z - a +0 whip of flaming
 I - a +1 vampiric short sword
 O - a +2 vampiric dagger
 V - a +1 quarterstaff of draining
Missiles
 f - 7 tomahawks of dispersal
 h - 165 stones
 n - 47 poisoned needles (quivered)
 r - 48 arrows
 C - 11 bolts
 P - a throwing net
 W - 16 sling bullets
Armour
 B - a +0 pair of gloves (worn)
 F - a +0 ring mail
 K - a +0 robe of magic resistance
 N - a +0 helmet (worn)
 Q - a +2 robe of magic resistance (worn)
 R - a +0 plate armour
Jewellery
 i - a +2 ring of intelligence (right hand)
 H - an uncursed ring of poison resistance
 T - a +5 ring of strength (left hand)
 U - an uncursed ring of teleportation
Wands
 y - a wand of iceblast (4/15)
 G - a wand of flame (36/48)
 Y - a wand of polymorph (21/24)
Scrolls
 a - 2 scrolls of identify
 l - 4 scrolls of recharging
 p - a scroll of remove curse
 w - a scroll of enchant armour {unknown}
 D - 7 scrolls of teleportation
Potions
 d - 2 potions of flight
 e - a potion of resistance
 g - 2 potions of heal wounds
 k - 2 potions of magic
 q - 6 potions of curing
 u - a potion of might
 v - a potion of agility {unknown}
 x - a potion of invisibility {unknown}
 E - 2 potions of berserk rage {unknown}
 L - 2 potions of haste {unknown}
 M - a potion of lignification {unknown}
 S - 2 potions of ambrosia {unknown}
Books
 b - a book of Necromancy

   Spells                             Type                      Level
   a - Pain                           Necromancy                   1
   b - Animate Skeleton               Necromancy                   1
   c - Vampiric Draining              Necromancy                   3
   d - Regeneration                   Charms/Necromancy            3
   e - Animate Dead                   Necromancy                   4
   f - Control Undead                 Necromancy                   4
 o - a book of Minor Magic

   Spells                             Type                      Level
   a - Magic Dart                     Conjuration                  1
   b - Blink                          Translocation                2
   c - Call Imp                       Summoning                    2
   d - Repel Missiles                 Charms/Air                   2
   e - Slow                           Hexes                        2
   f - Conjure Flame                  Conjuration/Fire             3
   g - Mephitic Cloud                 Conjuration/Poison/Air       3
 X - a book of Debilitation

   Spells                             Type                      Level
   a - Corona                         Hexes                        1
   b - Slow                           Hexes                        2
   c - Gell's Gravitas                Hexes/Translocation          3
   d - Inner Flame                    Hexes/Fire                   3
   e - Cause Fear                     Hexes                        4
   f - Leda's Liquefaction            Hexes/Earth                  4
 Z - a book of Changes

   Spells                             Type                      Level
   a - Beastly Appendage              Transmutation                1
   b - Sticks to Snakes               Transmutation                2
   c - Spider Form                    Transmutation/Poison         3
   d - Ice Form                       Ice/Transmutation            4
   e - Blade Hands                    Transmutation                5
Comestibles
 c - 3 meat rations
 s - 2 beef jerkies
 A - a slice of pizza
 J - 3 chunks of flesh


   Skills:
 - Level 5.0 Fighting
 - Level 2.0 Short Blades
 - Level 5.5 Dodging
 - Level 4.6 Stealth
 + Level 6.0 Spellcasting
 - Level 1.7 Hexes
 - Level 6.0 Necromancy


You had 13 spell levels left.
You knew the following spells:

 Your Spells              Type           Power        Failure   Level  Hunger
a - Pain                  Necr           ####         1%          1    None
b - Animate Skeleton      Necr           N/A          1%          1    None
c - Slow                  Hex            ##......     10%         2    None
d - Vampiric Draining     Necr           ####......   2%          3    ##.....


Dungeon Overview and Level Annotations

Branches:
Dungeon (7/15)             Temple (1/1) D:4

Altars:
Ashenzari
Cheibriados
Dithmenos
Elyvilon
Fedhas
Gozag
Hepliaklqana
Kikubaaqudgha
Nemelex Xobeh
Okawaru
Qazlal
Ru
Sif Muna
Uskayaw
Vehumet
Xom
Zin
The Shining One

Annotations:
D:7 Joseph, Prince Ribbit


Innate Abilities, Weirdness & Mutations

You are small and have problems with some larger weapons.
You are carnivorous and can eat meat at any time.
Your life essence is reduced. (-10% HP)


Message History

Increase (S)trength, (I)ntelligence, or (D)exterity?
You feel clever.
Your resistance to elements expires.
Things that are here:
a long sword; a chain mail; an orc corpse
Casting: Pain
Confirm with . or Enter, or press ? or * to list all spells.
You attempt to give life to the dead...
Before your eyes, flesh is ripped from the corpse!
The dead are walking!
J - 3 chunks of flesh The efreet gestures at your orc warrior skeleton.
The fireball explodes!
The tree burns like a torch!
The fireball engulfs you!
* * * LOW HITPOINT WARNING * * *
You hear a shout!
Srithi emerges from the mists of memory!
Srithi hits the efreet but does no damage.
The efreet gestures at you. The bolt of fire hits you!
You die...

...
..§.≈≈(≈≈....
...
♣...≈≈≈...♣ #
# ♣.§R....♣
####'#
♣.§(..♣
.....#
♣§ZR.♣♣
.....#
♣♣.....♣♣
.##..#
♣♣.......♣♣
.## ##
♣...≈≈≈...♣
..#
♣♣..≈≈≈≈≈@.♣♣
..#
♣...≈≈_≈≈...♣
..####
♣♣..≈≈≈≈≈..♣♣
.....#
♣...≈≈≈...♣
####.#
♣♣.......♣♣
#.# ♣♣.....♣♣
#.# ♣♣...♣♣
#.# ♣♣.....♣♣
#.##
♣♣.......♣♣


You could see the friendly Srithi the ancestor, an efreet and a friendly orc
warrior skeleton.

Vanquished Creatures
  A mottled dragon (D:7)
  2 orc warriors (D:7)
  An ogre (D:4)
  3 howler monkeys (D:7)
  A crimson imp (D:7)
  2 jellies (D:6)
  3 bullfrog skeletons
  A gnoll shaman (D:4)
  An orc priest (D:3)
  An iguana (D:3)
  4 orc wizards
  4 worker ants
  4 gnolls
  8 adders
  2 oozes
  2 adder zombies
  2 worms (D:2)
  A dart slug (D:1)
  4 leopard geckos
  22 orcs
  9 bats
  5 giant cockroaches
  4 goblins
  12 hobgoblins
  7 jackals
  5 kobolds (D:1)
  3 quokkas
  7 frilled lizards
  A leopard gecko skeleton (D:4)
  8 rats
130 creatures vanquished.

Vanquished Creatures (collateral kills)
  A crimson imp (D:5)
  A worker ant (D:4)
  2 orc wizards
  A howler monkey zombie (D:6)
  A gnoll (D:5)
  A shadow imp (D:5)
  An adder skeleton (D:6)
  2 orcs
  A giant cockroach (D:5)
11 creatures vanquished.

Vanquished Creatures (others)
  A worker ant zombie (D:7)
  2 ancestors (D:7)
3 creatures vanquished.

Grand Total: 144 creatures vanquished

Notes
Turn   | Place    | Note
-------+----------+-------------------------------------------
     0 | D:1      | Host24 the Kobold Necromancer began the quest for the Orb.
     0 | D:1      | Reached XP level 1. HP: 10/10 MP: 3/3
   136 | D:1      | Learned a level 1 spell: Animate Skeleton
   407 | D:1      | Reached XP level 2. HP: 6/15 MP: 0/5
   978 | D:1      | Reached skill level 1 in Fighting
  1235 | D:1      | Reached XP level 3. HP: 19/20 MP: 4/7
  1605 | D:2      | Found an opulent altar of Gozag.
  1855 | D:2      | Reached XP level 4. HP: 18/27 MP: 4/8
  2528 | D:2      | Reached XP level 5. HP: 30/32 MP: 3/9
  3098 | D:3      | Found a hazy altar of Hepliaklqana.
  3233 | D:3      | Reached skill level 1 in Short Blades
  3533 | D:4      | Reached XP level 6. HP: 10/37 MP: 6/12
  4286 | D:4      | Found a staircase to the Ecumenical Temple.
  4738 | D:5      | Entered Level 5 of the Dungeon
  4840 | D:5      | Noticed an ogre
  5032 | D:4      | Killed an ogre
  5032 | D:4      | Reached XP level 7. HP: 11/43 MP: 7/13
  5294 | Temple   | Entered the Ecumenical Temple
  5656 | D:3      | Became a worshipper of Hepliaklqana the Forgotten
  6284 | D:5      | Reached skill level 5 in Necromancy
  7098 | D:6      | Found an ancient bone altar of Kikubaaqudgha.
  7109 | D:6      | Reached * piety under Hepliaklqana
  7184 | D:6      | Reached XP level 8. HP: 38/43 MP: 9/14
  7268 | D:6      | Learned a level 2 spell: Slow
  7272 | D:6      | Learned a level 3 spell: Vampiric Draining
  7382 | D:7      | Noticed Joseph
  7451 | D:7      | Reached skill level 1 in Hexes
  7515 | D:7      | Noticed Prince Ribbit
  7782 | D:7      | Reached skill level 5 in Spellcasting
  7793 | D:7      | Noticed an efreet
  8074 | D:7      | Noticed a troll
  9110 | D:7      | Reached skill level 5 in Dodging
  9129 | D:7      | Found a white marble altar of Elyvilon.
  9157 | D:7      | Reached skill level 5 in Fighting
  9157 | D:7      | Reached XP level 9. HP: 26/48 MP: 13/18
  9167 | D:7      | Killed from afar by an efreet

Skill      XL: |  1  2  3  4  5  6  7  8 |
---------------+-------------------------+-----
Spellcasting   | 3 4 6 |  6.0
Fighting       | 1 2 3 4 5 |  5.0
Dodging        | 3 4 5 |  5.5
Short Blades   | 1 2 |  2.0
Stealth        | 4 |  4.6
Necromancy     | 6 |  6.0
Hexes          | 1 |  1.7

Action                   |  1- 3 |  4- 6 |  7- 9 || total
-------------------------+-------+-------+-------++-------
Melee: Dagger            |       |    26 |    68 ||    94
       Quarterstaff      |       |       |     5 ||     5
 Fire: Blowgun           |       |    10 |    64 ||    74
 Cast: Pain              |    70 |   151 |   114 ||   335
       Animate Skeleton  |    11 |    26 |     8 ||    45
Invok: Ancestor Identity |       |       |     1 ||     1
Evoke: Wand              |       |       |     1 ||     1
  Use: Scroll            |     5 |     7 |     3 ||    15
       Potion            |       |       |     6 ||     6
 Stab: Sleeping          |       |       |     1 ||     1
       Distracted        |       |       |     1 ||     1
  Eat: Chunk             |    11 |     9 |    13 ||    33
Armor: Robe              |       |    10 |    24 ||    34
       Leather armour    |       |     6 |     2 ||     8
Dodge: Dodged            |    10 |   117 |   153 ||   280
